 Dungeon Crawl Stone Soup version 0.22.1-2-g9c5b331383 (webtiles) character file.

81 dggdrrd the Ruffian (level 4, -2/37 HPs)
             Began as a Ghoul Gladiator on Nov 17, 2018.
             Slain by Crazy Yiuf
             ... wielding a +2 quarterstaff of chaos
              (10 damage)
             ... on level 2 of the Dungeon.
             The game lasted 00:15:13 (1524 turns).

dggdrrd the Ruffian (Ghoul Gladiator)               Turns: 1524, Time: 00:15:15

Health: -2/37      AC:  6    Str: 17    XL:     4   Next: 42%
Magic:  3/3        EV: 11    Int:  4    God:
Gold:   72         SH:  3    Dex: 10    Spells: 3/3 levels left

rFire    . . .     SeeInvis .     - Unarmed
rCold    + . .     Gourm    .   g - +0 buckler
rNeg     + + +     Faith    .   k - +0 ring mail
rPois    ∞         Spirit   .   b - +0 helmet
rElec    .         Reflect  .   (no cloak)
rCorr    .         Harm     .   (no gloves)
MR       .....                  (no boots)
Stlth    ..........             (no amulet)
HPRegen  0.00/turn              (no ring)
MPRegen  0.08/turn              (no ring)

@: rotting, slowed, very slow
A: rotting body, claws 1, carnivore, cold resistance 1, negative energy
resistance 3, inhibited regeneration, torment resistance, unbreathing
a: no special abilities


You were on level 2 of the Dungeon.
You were not hungry.

You visited 1 branch of the dungeon, and saw 2 of its levels.

You collected 72 gold pieces.

Inventory:

Hand Weapons
 j - a +0 hunting sling
Missiles
 i - 86 stones (quivered)
Armour
 a - a +0 leather armour
 b - a +0 helmet (worn)
 g - a +0 buckler (worn)
 k - a +0 ring mail (worn)
 p - a +0 scale mail
Scrolls
 e - a scroll of immolation {unknown}
 l - 2 scrolls of remove curse {unknown}
 n - a scroll of enchant weapon {unknown}
 o - 2 scrolls of teleportation
 r - a scroll of fear {unknown}
Potions
 f - a potion of curing
 h - a potion of mutation
 q - a potion of agility
Comestibles
 d - 3 rations


   Skills:
 + Level 2.5 Fighting
 + Level 2.0 Throwing
 + Level 1.0 Armour
 + Level 3.2 Dodging
 + Level 0.1 Shields
 + Level 4.5 Unarmed Combat


You had 3 spell levels left.
You didn't know any spells.
Your spell library was empty.

Dungeon Overview and Level Annotations

Branches:
Dungeon (2/15)

Altars:
Ashenzari

Annotations:
D:2 Crazy Yiuf


Innate Abilities, Weirdness & Mutations

Your body is rotting away.
You thrive on raw meat.
You are immune to poison.
You have sharp fingernails.
You are carnivorous and can eat meat at any time.
Your flesh is cold resistant. (rC+)
You are immune to negative energy. (rN+++)
You do not regenerate when monsters are visible.
You are immune to unholy pain and torment.
You can survive without breathing.


Message History

Crazy Yiuf grits, "Spliff!"
Crazy Yiuf hits you with a quarterstaff of chaos.
You feel yourself slow down.
You eat one of the 4 rations.
That ration really hit the spot!
Crazy Yiuf barely misses you. Crazy Yiuf completely misses you.
You scratch Crazy Yiuf.
Crazy Yiuf is almost dead.
Crazy Yiuf hits you with a quarterstaff of chaos.
Crazy Yiuf burns you. You block Crazy Yiuf's attack.
You are too injured to fight recklessly!
You are too injured to fight recklessly!
You are too injured to fight recklessly!
You closely miss Crazy Yiuf.
Crazy Yiuf is almost dead.
Crazy Yiuf hits you with a quarterstaff of chaos!
* * * LOW HITPOINT WARNING * * *
Crazy Yiuf freezes you.
* * * LOW HITPOINT WARNING * * *
Crazy Yiuf hits you with a quarterstaff of chaos!
You die...

.........###
#.####.#########
#######.##
#.......#### #.#
##...#.....# #.#
#########.# #.#
#)# #.##♣♣♣♣♣ #.#
#.#...♣.♣♣♣ ###
#.#
##......♣..♣#...#
###
#......♣♣♣♣@g..(#
#..#..♣♣ ♣♣#..)#
#..##♣♣ ### ##.#
#####.#
#.....####
###.##...#.#
...........#
###.##...###


You could see Crazy Yiuf.

Vanquished Creatures
  An adder (D:2)
  An ooze (D:1)
  A worm (D:2)
  3 dart slugs (D:2)
  A leopard gecko (D:1)
  A giant cockroach (D:2)
  4 hobgoblins
  17 jackals
  4 kobolds (D:1)
  A ball python (D:2)
  8 bats
  3 frilled lizards (D:1)
  3 goblins (D:1)
  6 rats
54 creatures vanquished.

Notes
Turn   | Place    | Note
-------+----------+-------------------------------------------
     0 | D:1      | dggdrrd the Ghoul Gladiator began the quest for the Orb.
     0 | D:1      | Reached XP level 1. HP: 17/17 MP: 0/0
    89 | D:1      | Reached XP level 2. HP: 24/24 MP: 1/1
   279 | D:1      | Reached XP level 3. HP: 20/30 MP: 2/2
   296 | D:1      | Reached skill level 4 in Unarmed Combat
   887 | D:2      | Found a shattered altar of Ashenzari.
   936 | D:2      | Reached XP level 4. HP: 35/37 MP: 3/3
  1109 | D:2      | Found a runed door.
  1209 | D:2      | Reached skill level 1 in Armour
  1516 | D:2      | Noticed Crazy Yiuf
  1524 | D:2      | Slain by Crazy Yiuf

Skill      XL: |  1  2  3  4 |
---------------+-------------+-----
Throwing       | 2 |  2.0
Dodging        | 3 |  3.2
Unarmed Combat | 4 |  4.5
Armour         | 1 |  1.0
Fighting       | |  2.5
Shields        | |  0.1

Action                   |  1- 3 |  4- 6 || total
-------------------------+-------+-------++-------
Melee: Unarmed           |   125 |    38 ||   163
Throw: Throwing net      |       |     3 ||     3
  Use: Scroll            |     2 |     3 ||     5
  Eat: Chunk             |     6 |     2 ||     8
       Ration            |       |     1 ||     1
Armor: Leather armour    |    31 |       ||    31
       Ring mail         |    12 |    15 ||    27
Dodge: Dodged            |    67 |    23 ||    90
Block: Buckler           |    13 |     4 ||    17
